 Dungeon Crawl Stone Soup version 0.28-a0-46-g7b1be97da7 (webtiles) character file.

Game seed: 12985126022887807424

5 Goblin1989 the Sneak (level 1, -1/18 HPs)
             Began as a Demonspawn Delver on July 30, 2021.
             Slain by a kobold (2 damage)
             ... on level 3 of the Dungeon.
             The game lasted 00:01:58 (175 turns).

Goblin1989 the Sneak (Demonspawn Delver)             Turns: 175, Time: 00:01:59

Health: -1/18      AC:  3    Str: 12    XL:     1   Next: 66%
Magic:  1/1        EV: 11    Int: 11    God:
Gold:   0          SH:  0    Dex: 14    Spells: 0/0 levels left

rFire   . . .      SeeInvis .   a - +0 mace
rCold   . . .      Faith    .   (no shield)
rNeg    . . .      Spirit   .   b - +0 leather armour
rPois   .          Reflect  .   (no helmet)
rElec   .          Harm     .   (no cloak)
rCorr   .          Rampage  .   (no gloves)
Will    .....                   (no boots)
Stlth   ++........              (no amulet)
HPRegen 0.06/turn               (no ring)
MPRegen 0.07/turn               (no ring)

@: no status effects
A: no striking features
a: no special abilities


You were on level 3 of the Dungeon.
You visited 1 branch of the dungeon, and saw 3 of its levels.

Inventory:

Hand Weapons
 a - a +0 mace (weapon)
Armour
 b - a +0 leather armour (worn)
Wands
 g - a wand of digging (3) {@v1}
Scrolls
 c - a scroll of fog
 e - a scroll of fear
 M - 2 scrolls of magic mapping
Potions
 f - a potion of haste {@q3,}


   Skills:
 - Level 3.0 Fighting
 + Level 2.2 Maces & Flails
 - Level 1.7 Dodging
 - Level 4.5 Stealth


You couldn't memorise any spells.
You didn't know any spells.
Your spell library was empty.

Dungeon Overview and Level Annotations

Branches:
Dungeon (5/15)
 Temple: D:4-7

Altars:
Qazlal

Annotations:
D:4 Blork the orc
D:5 Dowan, Duvessa


Message History

The ball python bites you but does no damage.
The ball python grabs you. The ball python constricts you.
An ogre comes into view. It is wielding a +0 giant club.
You escape the ball python's grasp.
Found a short glowing staff.
There is an escape hatch in the ceiling here.
Really go through this one-way escape hatch?
The ball python barely misses you. The ball python grabs you.
You stop ascending the stairs.
The ball python constricts you. The hobgoblin hits you.
You take 2 damage, and have 12/18 hp.
Unknown command.
Really go through this one-way escape hatch? [Y]es or [N]o only, please.
Really go through this one-way escape hatch?
You escape the ball python's grasp.
The ball python closely misses you. The ball python barely misses you.
The hobgoblin hits you but does no damage.
A mysterious force pulls you upwards. The hatch slams shut behind you.
Unknown command.
Unknown command.
The ball python bites you but does no damage.
The ball python closely misses you.
You open the door.
A hobgoblin comes into view.
The ball python closely misses you. The ball python misses you.
The hobgoblin hits you.
The ball python bites you but does no damage.
The ball python grabs you.
* * * LOW HITPOINT WARNING * * *
The ball python constricts you.
You take 4 damage, and have 8/18 hp.
MASSIVE DAMAGE!!
You escape the ball python's grasp.
There is an open door here.
You closely miss the hobgoblin. The hobgoblin closely misses you.
You hit the hobgoblin.
The hobgoblin is severely wounded.
The hobgoblin hits you but does no damage.
You hit the hobgoblin.
The hobgoblin is almost dead.
The hobgoblin barely misses you.
The hobgoblin hits you but does no damage.
You sock the hobgoblin!
You kill the hobgoblin!
The ball python barely misses you. The ball python grabs you.
* * * LOW HITPOINT WARNING * * *
The ball python constricts you.
You take 1 damage, and have 8/18 hp.
You hit the ball python.
You kill the ball python!
Your Maces & Flails skill increases to level 2!
You closely miss the hobgoblin. The hobgoblin closely misses you.
You sock the hobgoblin!
You kill the hobgoblin!
You start resting.
A ball python comes into view.
You regained 3 hp, and now have 11/18 hp.
Unknown command.
A kobold comes into view. It is wielding a +3 dagger.
The ball python hisses angrily.
Found a stone staircase leading down.
The kobold shouts!
The kobold throws a stone.
The stone hits you.
* * * LOW HITPOINT WARNING * * *
You take 4 damage, and have 7/18 hp.
MASSIVE DAMAGE!!
The kobold throws a stone.
The stone misses you. The kobold hits you but does no damage.
The kobold throws a stone.
The stone barely misses you.
Press: ? - help, v - describe, . - travel
Here: a kobold, wielding a +3 dagger and quivering stones The floor.
Unknown command.
The kobold throws a stone.
The stone barely misses you.
The kobold throws a stone.
The stone barely misses you.
The kobold throws a stone.
The stone closely misses you.
An adder and a kobold come into view.
Found 11 stones.
Found 12 gold pieces.
Found a stone staircase leading down.
Unknown command.
Found 13 stones.
Found a stormy altar of Qazlal.
You closely miss the kobold.
The kobold hits you with a +0 short sword.
* * * LOW HITPOINT WARNING * * *
You take 4 damage, and have 6/18 hp.
MASSIVE DAMAGE!!
You hit the kobold.
You kill the kobold!
Things that are here:
a +0 short sword; a kobold corpse You closely miss the kobold.
The kobold hits you with a +3 dagger.
* * * LOW HITPOINT WARNING * * *
The kobold hits you with a +3 dagger.
* * * LOW HITPOINT WARNING * * *
You take 5 damage, and have 1/18 hp.
MASSIVE DAMAGE!!
You hit the kobold.
The kobold is severely wounded.
The kobold hits you with a +3 dagger.
You die... ............█ █.████.§≈.≈..█ █. █.§§§≈..█ █▲██

█.§≈§§§K█ ...███...§(..█
....██..≈≈...█
.....█.......█
......█......███████████.
......▲........K@........
......████...███████████.
.....██ ██.██ ....██ █.
...██ █.


█▲██ ██ You could see a kobold.

Vanquished Creatures
  A ball python (D:3)
  2 hobgoblins (D:3)
  A kobold (D:3)
4 creatures vanquished.

Notes
Turn   | Place    | Note
-------+----------+-------------------------------------------
     0 | D:5      | Goblin1989 the Demonspawn Delver began the quest for the
                  | Orb.
     0 | D:5      | Reached XP level 1. HP: 18/18 MP: 1/1
    11 | D:5      | Noticed a water moccasin
    19 | D:5      | Noticed an ogre
    25 | D:5      | Noticed Dowan
    26 | D:5      | Noticed Duvessa
    27 | D:5      | Noticed an ogre
    33 | D:4      | Noticed Blork the orc
    51 | D:4      | Noticed an ogre
   155 | D:3      | Found a stormy altar of Qazlal.
   175 | D:3      | Slain by a kobold

Illustrated notes

Levels and vault maps discovered:
D:3:      layout_loops_corners, nicolae_qazlal_scattered_showers
D:4:      layout_basic, dk_vineyard_1, uniq_blork_the_orc
D:5:      layout_rooms, lemuel_blue_sif_altar, ashenzari_conservatory_becter,
          led_xom_imps, minmay_temple_entry_butterflies, serial_shops, shop,
          uniq_duvessa, uniq_eustachio

Skill      XL: |  1 |
---------------+----+-----
Maces & Flails | 2 |  2.2
Fighting       | |  3.0
Dodging        | |  1.7
Stealth        | |  4.5

Action                   || total
-------------------------++-------
Melee: Mace              ||    11
  Use: Scroll            ||     1
Armor: Leather armour    ||     9
Dodge: Dodged            ||    21

Table legend: (Time is in decaauts)
 A = Elapsed time spent in this place.
 B = Non-inter-level travel time spent in this place.
 C = Inter-level travel time spent in this place.
 D = Time resting spent in this place.
 E = Time spent auto-exploring this place.
 F = Levels seen in this place.
 G = Mean time per level.
                   A        B        C        D        E       F      G
               +--------+--------+--------+--------+--------+-----+--------+
         Total |    177 |    177 |      0 |     41 |      0 |   3 |   59.0 |
       Dungeon |    177 |    177 |      0 |     41 |      0 |   3 |   59.0 |
               +--------+--------+--------+--------+--------+-----+--------+

Top non-repeatable levels by time:
     D:3: 119 daAuts
     D:5: 33 daAuts
     D:4: 24 daAuts
